AoeStats
← InterdimensionalGayfrog

Arabia

509759536Analyzed
1v1 RM · 6d ago on Sep 27, 2026· 25m 6s· 2 players
Game mode
Random Map
Map size
Tiny (2 player)
Population
200
Speed
Normal
Resources
Standard
Victory
Conquest
Starting age
Dark Age
Ending age
Imperial Age
RankedLock teamsTeams togetherTeam positionsShared explorationLock speedFull tech treeHidden civsTurbo modeCheats
Victory
Defeat
🇺🇸 Danes · United States
1369
+17
1390
-17
InterdimensionalGayfrog
6:32 Loom
7:13 Loom
9:31 Feudal Age
10:19 Double-Bit Axe
11:10 Horse Collar
21:02 Castle Age
19:20 Fletching
19:35 Gold Mining
21:41 Bodkin Arrow
21:08 Crossbowman
Licenciado en pegarle al perro
7:22 Loom
9:44 Feudal Age
10:08 Man-at-Arms
11:00 Double-Bit Axe
18:36 Wheelbarrow
17:27 Long Swordsman
18:44 Horse Collar
23:34 Castle Age
22:58 Scale Mail Armor
Connection lost

Rejoining the realm…

Still unreachable

The connection could not be restored.

Session expired

The server has moved on; the page needs a fresh start.